 Dungeon Sprint DCSS version 0.23-a0-169-gb21e695 (webtiles) character file.

71624 pasperui the Bringer of Light (level 15, -3/144 HPs)
             Began as a Hill Orc Fighter on Sept 11, 2018.
             Was the Champion of the Shining One.
             Killed from afar by a crystal guardian (22 damage)
             ... with a crystal bolt
             ... in the Dungeon (Sprint V: "Ziggurat Sprint").
             The game lasted 00:21:37 (2610 turns).

pasperui the Bringer of Light (Hill Orc Fighter)    Turns: 2610, Time: 00:21:38

Health: -3/144     AC: 35    Str: 38    XL:     15   Next: 37%
Magic:  13/30      EV:  8    Int:  8    God:    the Shining One [******]
Gold:   0          SH: 56    Dex: 10    Spells: 14/14 levels left

rFire    . . .     SeeInvis .   s - +7 Screaming Sword
rCold    . . .     Gourm    .   r - +18 shield of the Gong {rElec rN+ MR+ EV-5}
rNeg     + + +     Faith    .   q - +15 Maxwell's patent armour {-Cast -Tele rElec MR+ rCorr}
rPois    .         Spirit   .   (no helmet)
rElec    +         Reflect  +   W - +2 cloak {+Inv}
rCorr    +         Harm     .   (no gloves)
MR       +++..     NoTele   +   (no boots) Stlth ..........NoCast +
                                P - +6 amulet of reflection
HPRegen  0.34/turn              C - +6 ring of strength
MPRegen  0.22/turn              B - +6 ring of strength

@: divine shield, glowing
A: blink, evolution 1
a: Blink, Divine Shield, Cleansing Flame, Summon Divine Warrior, Brand Weapon
With Holy Wrath, Renounce Religion, Evoke Invisibility


You were in the Dungeon.
You worshipped the Shining One.
The Shining One was exalted by your worship.
You were hungry.

You visited 1 branch

Inventory:

Hand Weapons
 c - the +9 long sword of Disharmony {slice, +Fly Dex+6 SInv}
   (You took it off a vault guard in the Dungeon)

   It inflicts extra damage upon your enemies.
   It affects your dexterity (+6).
   It lets you see invisible.
   It lets you fly.
 o - a +5 double sword
 p - a +5 triple sword
 s - the +7 Screaming Sword (weapon)
   (You found it in the Dungeon)
 t - the +11 plutonium sword {*Contam Stlth-}
   (You found it in the Dungeon)

   It causes magical contamination when unequipped.
   It makes you less stealthy.
Missiles
 n - 17 silver javelins
 u - 13 javelins of penetration (quivered)
 y - 21 javelins
Armour
 l - the +5 large shield of Ufripnuck {MR- SInv Stlth+}
   (You found it in the Dungeon)

   It affects your resistance to hostile enchantments.
   It lets you see invisible.
   It makes you more stealthy.
 m - +5 gold dragon scales
 q - the +15 Maxwell's patent armour (worn) {-Cast -Tele rElec MR+ rCorr}
   (You found it in the Dungeon)

   It insulates you from electricity.
   It affects your resistance to hostile enchantments.
   It prevents spellcasting.
   It prevents most forms of teleportation.
   It provides partial protection from all sources of acid and corrosion.
 r - the +18 shield of the Gong (worn) {rElec rN+ MR+ EV-5}
   (You found it in the Dungeon)

   It affects your evasion (-5).
   It insulates you from electricity.
   It protects you from negative energy.
   It affects your resistance to hostile enchantments.
 W - a +2 cloak of invisibility (worn)
Jewellery
 x - the ring of Robustness {AC+8}
   (You took it off a yaktaur captain in the Dungeon)

   [ring of protection]

   It affects your AC (+8).
 z - an uncursed ring of protection from cold
 A - the cursed ring of Yendor {rN+ MR- Str-2 Dex+6}
   (You found it in the Dungeon)

   [ring of strength]

   It affects your strength (-2).
   It affects your dexterity (+6).
   It protects you from negative energy.
   It affects your resistance to hostile enchantments.
   It has a curse placed upon it.
 B - a +6 ring of strength (right hand)
 C - a +6 ring of strength (left hand)
 P - a +6 amulet of reflection (around neck)
 R - the ring "Ithuqat" {rElec rC+ MR+ Dex-2}
   (You found it in the Dungeon)

   [ring of protection from magic]

   It affects your dexterity (-2).
   It protects you from cold.
   It insulates you from electricity.
   It affects your resistance to hostile enchantments.
 S - the macabre finger necklace {rN+}
   (You found it in the Dungeon)

   [amulet of nothing]

   It protects you from negative energy.
 T - the ring of Puluiha {rPois rN++ AC+3 Int-4 Slay+3}
   (You took it off a wight in the Dungeon)

   [ring of protection]

   It affects your AC (+3).
   It affects your intelligence (-4).
   It affects your accuracy and damage with ranged weapons and melee attacks
   (+3).
   It protects you from poison.
   It greatly protects you from negative energy.
 U - an uncursed ring of positive energy
 Y - the ring of Zarghes {rF+ MR+ Str+5 Dex-2}
   (You found it in the Dungeon)

   [ring of protection from fire]

   It affects your strength (+5).
   It affects your dexterity (-2).
   It protects you from fire.
   It affects your resistance to hostile enchantments.
Wands
 D - a wand of disintegration (7)
 E - a wand of iceblast (7)
 F - a wand of acid (7)
Scrolls
 a - 8 scrolls of enchant armour
 b - a scroll of brand weapon
 k - 4 scrolls of blinking
 v - 4 scrolls of enchant weapon
 G - 4 scrolls of amnesia
 H - 9 scrolls of fog
 I - a scroll of holy word
 K - 5 scrolls of remove curse
 L - 2 scrolls of fear
Potions
 d - 6 potions of might
 e - 10 potions of curing
 g - 9 potions of heal wounds
 h - 6 potions of haste
 i - 7 potions of magic
 j - 3 potions of berserk rage
 M - 2 potions of brilliance
 N - 2 potions of invisibility
 O - 4 potions of resistance
 Q - 6 potions of agility
Miscellaneous
 w - a lightning rod (4/4)
 V - a fan of gales
 X - a lamp of fire
 Z - a phial of floods
Comestibles
 f - 8 rations


   Skills:
 - Level 16.0 Fighting
 - Level 12.9 Long Blades
 - Level 11.1 Throwing
 - Level 15.2 Armour
 - Level 10.4 Dodging
 - Level 19.4 Shields
 - Level 22.1 Invocations
 * Level 20.8 Evocations


You had 14 spell levels left.
You didn't know any spells.
Your spell library contained the following spells:

 Spells                   Type           Power        Failure   Level  Hunger
 Sandblast                Erth           #.....       86%         1    ##.....
 Stone Arrow              Conj/Erth      #.....       99%         3    ####...
 Statue Form              Tmut/Erth      #........    100%        6    #######
 Shatter                  Erth           #.........   100%        9    #######


Dungeon Overview and Level Annotations

Branches:
Dungeon (1/1)

Altars:
Ashenzari
Cheibriados
Dithmenos
Elyvilon
Fedhas
Gozag
Hepliaklqana
Kikubaaqudgha
Makhleb
Nemelex Xobeh
Okawaru
Qazlal
Ru
Sif Muna
Trog
Uskayaw
Vehumet
Wu Jian
Xom
Yredelemnul
Zin
The Shining One
Beogh
Jiyva
Lugonu

Annotations:
D 1 transporter


Innate Abilities, Weirdness & Mutations

You can translocate small distances at will.
You evolve.


Message History

The stone giant is severely wounded.
The golden flame engulfs the stone giant.
You kill the stone giant!
The golden flame engulfs the crystal guardian.
The crystal guardian is heavily damaged.
The golden flame engulfs the stone giant.
The stone giant is severely wounded.
The golden flame engulfs the crystal guardian.
The crystal guardian is severely damaged.
The golden flame engulfs the iron golem.
The iron golem is heavily damaged.
The golden flame engulfs your daeva.
Your daeva completely resists.
Your daeva is heavily wounded.
You feel somewhat more hungry.
The Screaming Sword sings, "We are the champions of the world!"
The monsters around you reel from the noise!
The crystal guardian fires a crystalline bolt at you.
The crystal bolt freezes you!
You die...

▓▓▓▓▓▓▓▓▓▓▓▓▓▓▓▓▓▓▓▓▓▓▓▓ ▓▓▓▓▓▓▓▓
©8_8_8_8▓▓......8©8..... ▓.....8©
......._▓▓..|)})[""?)"|..▓..||:|.
...))..8▓▓..[}=[}|)()))..▓...)|.|
......._▓▓..(..ECE.......▓.....[.
.......8▓▓....E(..8E.....▓.......
......._▓▓....)D8CC......▓.......
...=...8▓▓......@.8......▓....[..
...|..._▓▓.....8.D9......▓.......
.......8▓▓.......8A......▓..▓....
......._▓▓...............▓.▓▓▓...
.......8▓▓...▓.......▓...▓..▓....
......._▓▓..▓.▓.....▓.▓..▓.......
_8_8_8_8▓▓...▓.......▓...▓......©
▓▓▓▓▓▓▓▓▓▓...............▓▓▓▓▓▓▓▓
.......©.......▓.....8©


You could see 2 iron golems, an iron dragon, a quicksilver dragon, 3 stone
giants, 3 crystal guardians, 4 earth elementals, a gargoyle and a friendly
daeva.

Vanquished Creatures
  2 liches (D)
  A titan (D)
  Kirke (D)
  Donald (D)
  A deep elf sorcerer (D)
  Roxanne (D)
  A ghoul (D)
  A deep elf elementalist (D)
  4 stone giants (D)
  Azrael (D)
  2 deep elf annihilators (D)
  2 merfolk javelineers (D)
  3 crystal guardians (D)
  Josephine (D)
  3 yaktaur captains (D)
  A spriggan air mage (D)
  10 vault guards (D)
  2 centaur warriors (D)
  A dancing weapon (D)
  A vampire mage (D)
  Urug (D)
  An orc high priest (D)
  3 deep elf knights (D)
  A skeletal warrior (D)
  2 deep elf archers (D)
  An orc knight (D)
  A necromancer (D)
  3 ugly things (D)
  8 deep elf magi (D)
  5 cyclopes (D)
  A gargoyle (D)
  8 yaktaurs (D)
  A blink frog (shapeshifter) (D)
  A meliai (shapeshifter) (D)
  4 air elementals (D)
  A water elemental (D)
  A tarantella (shapeshifter) (D)
  A vampire (D)
  A tarantella (D)
  3 neqoxecs (D)
  3 nagas (D)
  3 wargs (D)
  3 water moccasins (D)
  A water moccasin (shapeshifter) (D)
  A porcupine (D)
  An orc warrior (D)
  2 necrophages (D)
  3 wolves (D)
  4 centaurs (D)
  A bullfrog (D)
  A big kobold (shapeshifter) (D)
  Blork the orc (D)
  3 earth elementals (D)
  4 scorpions (D)
  2 wights (D)
  3 orc priests (D)
  Jessica (D)
  Terence (D)
  2 iguanas (D)
  2 river rats (D)
  2 adder zombies (D)
  A ball python (D)
  2 bat zombies (D)
  A jackal (D)
  A ball python zombie (D)
  A jackal skeleton (D)
  A leopard gecko skeleton (D)
139 creatures vanquished.

Vanquished Creatures (collateral kills)
  A lich (D)
  4 vault guards (D)
  A vampire mage (D)
  A necromancer (D)
  Psyche (D)
  A shadow (D)
  A necrophage (D)
10 creatures vanquished.

Vanquished Creatures (others)
  3 deep elf master archers (D)
  A merfolk javelineer (D)
  A yaktaur captain (D)
  A spriggan air mage (D)
  A centaur warrior (D)
  3 cyclopes (D)
  2 yaktaurs (D)
  4 wind drakes (D)
  4 insubstantial wisps (D)
  2 centaurs (D)
  An adder zombie (D)
  A bat zombie (D)
24 creatures vanquished.

Grand Total: 173 creatures vanquished

Notes
Turn   | Place    | Note
-------+----------+-------------------------------------------
     0 | D        | Found the +6 Majin-Bo {vamp, Archmagi MP+6 Int+6}
     0 | D        | Found the +7 great mace "Firestarter" {inner flame, rF++}
     0 | D        | pasperui the Hill Orc Fighter began the quest for the Orb.
     0 | D        | Reached XP level 1. HP: 19/19 MP: 1/1
     3 | D        | Found a blossoming altar of Fedhas.
     5 | D        | Found a viscous altar of Jiyva.
     5 | D        | Found a hazy altar of Hepliaklqana.
     5 | D        | Found a transporter.
     5 | D        | Found an opulent altar of Gozag.
     5 | D        | Found an ancient bone altar of Kikubaaqudgha.
     5 | D        | Found a corrupted altar of Lugonu.
    16 | D        | Found a burning altar of Makhleb.
    17 | D        | Found an iron altar of Okawaru.
    17 | D        | Found a sparkling altar of Nemelex Xobeh.
    17 | D        | Found a stormy altar of Qazlal.
    17 | D        | Found a sacrificial altar of Ru.
    17 | D        | Found a deep blue altar of Sif Muna.
    21 | D        | Found the +9 heavy crossbow "Sniper" {velocity, Acc+∞ SInv}
    21 | D        | Found the +10 dark maul {crush}
    21 | D        | Found the +15 Maxwell's patent armour {-Cast -Tele rElec
                  | MR+ rCorr}
    21 | D        | Found the +18 shield of the Gong {rElec rN+ MR+ EV-5}
    21 | D        | Found the cursed +14 obsidian axe {chop, +Fly SInv *Curse}
    25 | D        | Found the +6 shillelagh "Devastator" {shatter}
    25 | D        | Found the +11 plutonium sword {*Contam Stlth-}
    25 | D        | Found the +8 lance "Wyrmbane" {slay drac, rPois rF+ rC+
                  | AC+3}
    25 | D        | Found the +9 sword of Zonguldrok {reap}
    25 | D        | Found the cursed +13 scythe of Curses {drain, *Curse}
    25 | D        | Found the +0 sword of Power
    25 | D        | Found the +7 mace of Variability {chain chaos}
    25 | D        | Found the +7 Singing Sword
    25 | D        | Found the +7 longbow "Piercer" {penet, EV-2}
    27 | D        | Found a bloodstained altar of Trog.
   122 | D        | Became a worshipper of the Shining One
   156 | D        | Entered arena 2.
   156 | D        | Noticed a scorpion
   156 | D        | Noticed a scorpion
   156 | D        | Found a transporter.
   164 | D        | Killed a scorpion
   164 | D        | Reached XP level 2. HP: 16/26 MP: 2/2
   164 | D        | Reached XP level 3. HP: 19/31 MP: 3/3
   165 | D        | Killed a scorpion
   165 | D        | Reached XP level 4. HP: 24/39 MP: 4/4
   169 | D        | Got the ring "Ithuqat" {rElec rC+ MR+ Dex-2}
   177 | D        | Entered arena 3.
   177 | D        | Noticed a tarantella
   177 | D        | Reached * piety under the Shining One
   177 | D        | Found a transporter.
   179 | D        | Killed a tarantella
   179 | D        | Reached XP level 5. HP: 25/45 MP: 5/5
   179 | D        | Reached XP level 6. HP: 29/51 MP: 6/6
   193 | D        | Entered arena 4.
   193 | D        | Reached ** piety under the Shining One
   193 | D        | Found a transporter.
   197 | D        | Reached skill level 10 in Fighting
   199 | D        | Reached XP level 7. HP: 46/73 MP: 7/7
   297 | D        | Entered arena 5.
   297 | D        | Noticed a green ugly thing
   297 | D        | Noticed a blink frog
   297 | D        | Found a transporter.
   301 | D        | Killed a blink frog
   314 | D        | Killed a green ugly thing
   314 | D        | Reached skill level 15 in Fighting
   314 | D        | Reached XP level 8. HP: 46/92 MP: 8/8
   607 | D        | Entered arena 6.
   607 | D        | Reached *** piety under the Shining One
   607 | D        | Reached **** piety under the Shining One
   607 | D        | Found a transporter.
   612 | D        | Reached ***** piety under the Shining One
   622 | D        | Entered arena 7.
   628 | D        | Reached XP level 9. HP: 96/100 MP: 9/9
   630 | D        | Found a transporter.
   644 | D        | Entered arena 8.
   644 | D        | Noticed a white ugly thing
   644 | D        | Reached ****** piety under the Shining One
   644 | D        | Noticed a white ugly thing
   645 | D        | Found a transporter.
   647 | D        | Gained mutation: You evolve. [a neqoxec]
   655 | D        | Reached skill level 10 in Shields
   658 | D        | Killed a cyan ugly thing
   661 | D        | Killed a brown ugly thing
   672 | D        | Entered arena 9.
   673 | D        | Found a transporter.
   679 | D        | Reached XP level 10. HP: 106/107 MP: 10/10
   770 | D        | Entered arena 10.
   770 | D        | Noticed a hand axe of chopping
   770 | D        | Noticed a deep elf mage
   770 | D        | Noticed a deep elf mage
   770 | D        | Noticed a deep elf archer
   770 | D        | Noticed a deep elf knight
   770 | D        | Noticed a deep elf mage
   770 | D        | Noticed a deep elf archer
   771 | D        | Reached XP level 11. HP: 85/114 MP: 11/11
   772 | D        | Found a transporter.
   776 | D        | Killed a hand axe of chopping
   776 | D        | Reached skill level 10 in Armour
   781 | D        | Killed a deep elf archer
   784 | D        | Killed a deep elf mage
   785 | D        | Killed a deep elf knight
   786 | D        | Killed a deep elf mage
   787 | D        | Killed a deep elf archer
   802 | D        | Killed a deep elf mage
   802 | D        | Reached skill level 15 in Armour
   817 | D        | Entered arena 11.
   817 | D        | Noticed a cyclops
   817 | D        | Noticed a centaur warrior
   817 | D        | Noticed a cyclops
   817 | D        | Noticed a centaur warrior
   818 | D        | Found a transporter.
   821 | D        | Reached skill level 1 in Invocations
   823 | D        | Reached skill level 4 in Invocations
   826 | D        | Killed a cyclops
   826 | D        | Reached skill level 6 in Invocations
   827 | D        | Reached skill level 7 in Invocations
   828 | D        | Reached skill level 8 in Invocations
   831 | D        | Killed a cyclops
   831 | D        | Reached skill level 10 in Invocations
   832 | D        | Killed a centaur warrior
   832 | D        | Reached skill level 11 in Invocations
   832 | D        | Reached XP level 12. HP: 89/122 MP: 10/20
   834 | D        | Killed a centaur warrior
   834 | D        | Reached skill level 13 in Invocations
   942 | D        | Entered arena 12.
   942 | D        | Noticed a stone giant
   942 | D        | Noticed an orc high priest
   945 | D        | Found a transporter.
   957 | D        | Killed an orc high priest
   957 | D        | Reached skill level 14 in Invocations
   959 | D        | Killed a stone giant
   959 | D        | Reached skill level 15 in Invocations
   963 | D        | Reached skill level 16 in Invocations
  1002 | D        | Entered arena 13.
  1002 | D        | Noticed Psyche
  1002 | D        | Noticed Urug
  1002 | D        | Noticed Terence
  1002 | D        | Noticed Azrael
  1002 | D        | Noticed Donald
  1002 | D        | Noticed Blork the orc
  1003 | D        | Noticed Kirke
  1003 | D        | Noticed Josephine
  1003 | D        | Noticed Jessica
  1004 | D        | Noticed Roxanne
  1005 | D        | Noticed a sphinx
  1009 | D        | Killed Psyche
  1012 | D        | Killed Azrael
  1012 | D        | Reached skill level 17 in Invocations
  1013 | D        | Killed Terence
  1017 | D        | Killed Blork the orc
  1017 | D        | Reached skill level 18 in Invocations
  1018 | D        | Killed Jessica
  1019 | D        | Killed Kirke
  1019 | D        | Reached skill level 19 in Invocations
  1025 | D        | Killed Josephine
  1027 | D        | Killed Urug
  1027 | D        | Reached skill level 20 in Invocations
  1029 | D        | Killed Donald
  1029 | D        | Reached skill level 21 in Invocations
  1227 | D        | Found a transporter.
  1237 | D        | Killed Roxanne
  1237 | D        | Reached skill level 22 in Invocations
  1237 | D        | Reached XP level 13. HP: 123/128 MP: 26/28
  1241 | D        | Identified Roxanne's Guide on Stones (You took it off
                  | Roxanne in the Dungeon)
  1276 | D        | Entered arena 14.
  1277 | D        | Noticed a deep elf master archer
  1277 | D        | Noticed a merfolk javelineer
  1278 | D        | Noticed a deep elf master archer
  1279 | D        | Found a transporter.
  1281 | D        | Reached skill level 1 in Throwing
  1283 | D        | Killed a deep elf master archer
  1287 | D        | Killed a deep elf master archer
  1288 | D        | Reached skill level 10 in Throwing
  1289 | D        | Killed a merfolk javelineer
  1467 | D        | Entered arena 15.
  1468 | D        | Noticed a yaktaur captain
  1468 | D        | Noticed a merfolk javelineer
  1468 | D        | Noticed a deep elf master archer
  1468 | D        | Noticed a yaktaur captain
  1469 | D        | Noticed a yaktaur captain
  1469 | D        | Reached skill level 15 in Shields
  1470 | D        | Noticed a yaktaur captain
  1470 | D        | Noticed a merfolk javelineer
  1470 | D        | Killed a deep elf master archer
  1470 | D        | Gained mutation: You can translocate small distances at
                  | will. [evolution]
  1471 | D        | Found a transporter.
  1477 | D        | Killed a yaktaur captain
  1480 | D        | Killed a yaktaur captain
  1482 | D        | Killed a merfolk javelineer
  1484 | D        | Killed a yaktaur captain
  1487 | D        | Killed a yaktaur captain
  1493 | D        | Killed a merfolk javelineer
  1540 | D        | Got the +5 large shield of Ufripnuck {MR- SInv Stlth+}
  1827 | D        | Entered arena 16.
  1828 | D        | Noticed a deep elf sorcerer
  1828 | D        | Noticed a deep elf elementalist
  1828 | D        | Noticed a deep elf annihilator
  1829 | D        | Found the macabre finger necklace {rN+}
  1829 | D        | Noticed a deep elf annihilator
  1832 | D        | Reached XP level 14. HP: 137/137 MP: 25/29
  1832 | D        | Killed a deep elf annihilator
  1833 | D        | Killed a deep elf sorcerer
  1833 | D        | Reached skill level 5 in Dodging
  1838 | D        | Killed a deep elf elementalist
  1844 | D        | Killed a deep elf annihilator
  1846 | D        | Reached skill level 10 in Dodging
  1857 | D        | Found a transporter.
  1865 | D        | Got the cursed ring of Yendor {rN+ MR- Str-2 Dex+6}
  1890 | D        | Entered arena 17.
  1893 | D        | Noticed a titan
  1895 | D        | Reached skill level 1 in Evocations
  1895 | D        | Found a transporter.
  1905 | D        | Killed a titan
  1921 | D        | Got the ring of Zarghes {rF+ MR+ Str+5 Dex-2}
  2300 | D        | Entered arena 18.
  2303 | D        | Noticed a lich
  2307 | D        | Noticed a ghoul
  2319 | D        | Reached skill level 10 in Evocations
  2319 | D        | Killed a lich
  2328 | D        | Killed a ghoul
  2337 | D        | Got the ring of Puluiha {rPois rN++ AC+3 Int-4 Slay+3}
  2340 | D        | Found a transporter.
  2355 | D        | Entered arena 19.
  2358 | D        | Noticed a lich
  2358 | D        | Noticed a lich
  2359 | D        | Noticed a stone giant
  2360 | D        | Found a transporter.
  2365 | D        | Killed a lich
  2365 | D        | Reached skill level 15 in Evocations
  2375 | D        | Killed a lich
  2375 | D        | Reached XP level 15. HP: 117/144 MP: 30/30
  2396 | D        | Got the +9 long sword of Disharmony {slice, +Fly Dex+6
                  | SInv}
  2597 | D        | Entered arena 20.
  2602 | D        | Noticed an iron dragon
  2603 | D        | Found the +10 large shield of Ignorance {rN+ Int-4}
  2603 | D        | Noticed a quicksilver dragon
  2605 | D        | Found a transporter.
  2610 | D        | Killed from afar by a crystal guardian

Vault maps used:
D:        sprint_v

Skill      XL: |  1  2  3  4  5  6  7  8  9 10 11 12 13 14 15 |
---------------+----------------------------------------------+-----
Long Blades    | 8 9 12 | 12.9
Fighting       | 10 15 16 | 16.0
Shields        | 8 14 19 | 19.4
Armour         | 8 15 | 15.2
Invocations    | 11 22 | 22.1
Throwing       | 11 | 11.1
Dodging        | 2 10 | 10.4
Evocations     | 17 20 | 20.8

Action                   |  1- 3 |  4- 6 |  7- 9 | 10-12 | 13-15 || total
-------------------------+-------+-------+-------+-------+-------++-------
Melee: Double sword      |     8 |     9 |    53 |    91 |   106 ||   267
Throw: Javelin           |       |       |       |       |     5 ||     5
Invok: Divine Shield     |       |       |     1 |     3 |     6 ||    10
       Summon Divine War |       |       |       |     1 |     1 ||     2
       Cleansing Flame   |       |       |       |       |     4 ||     4
  Use: Potion            |       |       |       |     3 |       ||     3
  Eat: Chunk             |       |       |       |     2 |     1 ||     3
       Ration            |       |       |       |       |     1 ||     1
Armor: Plate armour      |     5 |     2 |    12 |    30 |    46 ||    95
Dodge: Dodged            |       |       |       |     8 |    18 ||    26
Block: Shield            |    13 |    10 |    80 |   172 |   324 ||   599
       Reflection        |       |       |       |    12 |    52 ||    64
       Rpst.: Double sword |       |       |       |     2 |     7 ||     9

Table legend:
 A = Non-vault XP
 B = Vault XP
 C = Vault XP percentage of total XP
 D = Non-vault monster count
 E = Vault monster count
 F = Vault count percentage of total count
                 A         B        C        D         E       F
            +---------+---------+-------+---------+---------+-------
      Total |       0 |   97152 | 100.0 |       0 |     173 | 100.0
            +---------+---------+-------+---------+---------+-------
          D |       0 |   97152 | 100.0 |       0 |     173 | 100.0
            +---------+---------+-------+---------+---------+-------
